 Dungeon Crawl Stone Soup version 0.21-a0-361-g4efd3f9 (webtiles) character file.

93 Monsterracer the Magician (level 4, 32/32 HPs)
             Began as a Gnoll Wizard on Oct 9, 2017.
             Quit the game on level 2 of the Dungeon on Oct 13, 2017.
             The game lasted 00:03:49 (2235 turns).

Monsterracer the Magician (Gnoll Wizard)            Turns: 2235, Time: 00:03:50

Health: 32/32      AC:  2    Str: 10    XL:     4   Next: 61%
Magic:  13/13      EV: 14    Int: 21    God:
Gold:   83         SH:  0    Dex: 13    Spells: 8/17 levels left

rFire    . . .     SeeInvis .   h - +1 hunting sling (velocity)
rCold    . . .     Gourm    .   (no shield)
rNeg     . . .     Faith    .   a - +0 robe
rPois    .         Spirit   .   b - +0 hat
rElec    .         Reflect  .   (no cloak)
rCorr    .         Harm     .   (no gloves)
MR       .....                  (no boots)
Stlth    +++.......             (no amulet)
HPRegen  0.10/turn              (no ring)
MPRegen  0.13/turn              (no ring)

@: no status effects
A: distributed training, fangs 1, strong nose
a: no special abilities


You were on level 2 of the Dungeon.
You were hungry.

You visited 1 branch of the dungeon, and saw 3 of its levels.

You collected 83 gold pieces.

Inventory:

Hand Weapons
 h - a +1 hunting sling of velocity (weapon)
 j - a +0 dagger
Missiles
 f - 50 stones (quivered)
Armour
 a - a +0 robe (worn)
 b - a +0 hat (worn)
 e - a +0 ring mail
Scrolls
 g - a scroll of fog {unknown}
 i - a scroll of teleportation {unknown}
 k - a scroll of remove curse {unknown}
 l - 2 scrolls of enchant weapon {unknown}
 n - a scroll of random uselessness {unknown}
 p - a scroll of magic mapping {unknown}
 q - 2 scrolls of identify {unknown}
Potions
 c - a potion of degeneration {unknown}
 m - a potion of heal wounds {unknown}
Comestibles
 d - a bread ration
 o - a fruit


   Skills:
 + Level 1.2 Fighting
 + Level 1.2 Short Blades
 + Level 1.2 Long Blades
 + Level 1.2 Axes
 + Level 1.2 Maces & Flails
 + Level 1.2 Polearms
 + Level 1.2 Staves
 + Level 1.2 Slings
 + Level 1.2 Bows
 + Level 1.2 Crossbows
 + Level 1.2 Throwing
 + Level 1.2 Armour
 + Level 4.6 Dodging
 + Level 4.3 Stealth
 + Level 1.2 Shields
 + Level 1.2 Unarmed Combat
 + Level 7.2 Spellcasting
 + Level 2.2 Conjurations
 + Level 1.0 Hexes
 + Level 1.0 Charms
 + Level 2.2 Summonings
 + Level 1.0 Necromancy
 + Level 2.2 Translocations
 + Level 1.0 Transmutations
 + Level 1.0 Fire Magic
 + Level 1.0 Ice Magic
 + Level 1.0 Air Magic
 + Level 1.0 Earth Magic
 + Level 1.0 Poison Magic
 + Level 1.3 Invocations
 + Level 1.2 Evocations


You had 8 spell levels left.
You knew the following spells:

 Your Spells              Type           Power        Failure   Level  Hunger
a - Magic Dart            Conj           ###.         3%          1    None
b - Conjure Flame         Conj/Fire      ##......     13%         3    None
c - Mephitic Cloud        Conj/Pois/Air  ##......     14%         3    None
e - Blink                 Tloc           N/A          4%          2    None


Dungeon Overview and Level Annotations

Branches:
Dungeon (3/15)

Altars:


Innate Abilities, Weirdness & Mutations

Your experience applies equally to all skills.
You have very sharp teeth.
Your uncanny sense of smell can sniff out nearby items.


Message History

You kill Terence!
Your Hexes skill increases to level 1!
Your Charms skill increases to level 1!
Your Necromancy skill increases to level 1!
Your Transmutations skill increases to level 1!
Your Fire Magic skill increases to level 1!
Your Ice Magic skill increases to level 1!
Your Air Magic skill increases to level 1!
Your Earth Magic skill increases to level 1!
Your Poison Magic skill increases to level 1!
Unknown command.
Unknown command.
Unknown command.
Unknown command.
Unknown command.
Unknown command.
Unknown command.
Unknown command.
Unknown command.
Unknown command.
Unknown command.
Unknown command.
You start resting.
Magic restored.
You see here a whip.
There is an open door here.
f - 50 stones (gained 1)
Things that are here:
a short sword; a chain mail; the human corpse of Terence Are you sure you want to abandon this character and quit the game? (Confirm with "yes".)

##.#.#.#####
#..........#
###..#.#.....#
#............##
###..#..........#
####.............(.###
.....#.#.#.#.......'>#
####.............(.###
# #.#.#.#.#....@(.# #
#...............# #
#.#.#.#.#.####'## #
#.........# #)#
####.#.#.#.#.# #.#
.............# #.#
..........#### #.#
...######## #.# ...#
#.#


There were no monsters in sight!

Vanquished Creatures
  Natasha (D:2)
  Terence (D:2)
  A worm (D:2)
  A dart slug (D:3)
  3 orcs (D:3)
  5 goblins
  5 hobgoblins
  6 bats
  2 frilled lizards
  8 kobolds
  5 rats
38 creatures vanquished.

Notes
Turn   | Place    | Note
-------+----------+-------------------------------------------
     0 | D:1      | Monsterracer the Gnoll Wizard began the quest for the Orb.
     0 | D:1      | Reached XP level 1. HP: 13/13 MP: 8/8
     0 | D:1      | Upgraded the game from 0.21-a0-351-g38363bb to 0.21-a0-352-g5b8f553
     0 | D:1      | Reduced skill Conjurations to level 1
     0 | D:1      | Reduced skill Summonings to level 1
     0 | D:1      | Reduced skill Translocations to level 1
     0 | D:1      | Upgraded the game from 0.21-a0-352-g5b8f553 to 0.21-a0-361-g4efd3f9
   287 | D:1      | Reached XP level 2. HP: 19/19 MP: 7/10
  1228 | D:2      | Reached XP level 3. HP: 25/25 MP: 9/11
  1233 | D:2      | Learned a level 3 spell: Conjure Flame
  1237 | D:2      | Learned a level 3 spell: Mephitic Cloud
  1240 | D:2      | Learned a level 2 spell: Blink
  1255 | D:2      | Noticed Natasha
  1263 | D:2      | Killed Natasha
  1263 | D:2      | Reached skill level 1 in Invocations
  1515 | D:2      | Reached skill level 1 in Fighting
  1515 | D:2      | Reached skill level 1 in Short Blades
  1515 | D:2      | Reached skill level 1 in Long Blades
  1515 | D:2      | Reached skill level 1 in Axes
  1515 | D:2      | Reached skill level 1 in Maces & Flails
  1515 | D:2      | Reached skill level 1 in Polearms
  1515 | D:2      | Reached skill level 1 in Staves
  1515 | D:2      | Reached skill level 1 in Slings
  1515 | D:2      | Reached skill level 1 in Bows
  1515 | D:2      | Reached skill level 1 in Crossbows
  1515 | D:2      | Reached skill level 1 in Throwing
  1515 | D:2      | Reached skill level 1 in Armour
  1515 | D:2      | Reached skill level 1 in Shields
  1515 | D:2      | Reached skill level 1 in Unarmed Combat
  1515 | D:2      | Reached skill level 1 in Evocations
  1681 | D:2      | Reached XP level 4. HP: 32/32 MP: 9/13
  2029 | D:3      | Noticed Terence
  2152 | D:2      | Killed Terence
  2152 | D:2      | Reached skill level 1 in Hexes
  2152 | D:2      | Reached skill level 1 in Charms
  2152 | D:2      | Reached skill level 1 in Necromancy
  2152 | D:2      | Reached skill level 1 in Transmutations
  2152 | D:2      | Reached skill level 1 in Fire Magic
  2152 | D:2      | Reached skill level 1 in Ice Magic
  2152 | D:2      | Reached skill level 1 in Air Magic
  2152 | D:2      | Reached skill level 1 in Earth Magic
  2152 | D:2      | Reached skill level 1 in Poison Magic
  2235 | D:2      | Quit the game

Vault maps used:
D:1:      lemuel_arrival_muddy
D:2:      serial_glass, glass_columns_a, glass_columns_b, glass_columns_c,
          glass_columns_c, glass_columns_a, glass_columns_c, uniq_natasha
D:3:      fedhas_altar_1, serial_bayou, serial_bayou_pond_a,
          serial_bayou_pond_c, serial_bayou_ford_a, serial_bayou_lagoon_b,
          first_bread, nicolae_ru_sacrificial_ziggurat, uniq_terence

Skill      XL: |  1  2  3  4 |
---------------+-------------+-----
Conjurations   | 2 |  2.2
Summonings     | 2 |  2.2
Translocations | 2 |  2.2
Invocations    | 1 |  1.3
Fighting       | 1 |  1.2
Short Blades   | 1 |  1.2
Long Blades    | 1 |  1.2
Axes           | 1 |  1.2
Maces & Flails | 1 |  1.2
Polearms       | 1 |  1.2
Staves         | 1 |  1.2
Slings         | 1 |  1.2
Bows           | 1 |  1.2
Crossbows      | 1 |  1.2
Throwing       | 1 |  1.2
Armour         | 1 |  1.2
Shields        | 1 |  1.2
Unarmed Combat | 1 |  1.2
Evocations     | 1 |  1.2
Hexes          | 1 |  1.0
Charms         | 1 |  1.0
Necromancy     | 1 |  1.0
Transmutations | 1 |  1.0
Fire Magic     | 1 |  1.0
Ice Magic      | 1 |  1.0
Air Magic      | 1 |  1.0
Earth Magic    | 1 |  1.0
Poison Magic   | 1 |  1.0
Dodging        | |  4.6
Stealth        | |  4.3
Spellcasting   | |  7.2

Action                   |  1- 3 |  4- 6 || total
-------------------------+-------+-------++-------
 Fire: Hunting sling     |     6 |     9 ||    15
 Cast: Magic Dart        |    68 |    23 ||    91
       Mephitic Cloud    |     1 |     2 ||     3
       Conjure Flame     |       |     1 ||     1
       Blink             |       |     1 ||     1
  Eat: Chunk             |     2 |     1 ||     3
Armor: Robe              |     1 |       ||     1
Dodge: Dodged            |     8 |     4 ||    12

Table legend:
 A = Spawn XP
 B = Non-spawn XP
 C = Spawn XP percentage of total XP
 D = Spawn monster count
 E = Non-spawn monster count
 F = Spawn count percentage of total count
 G = Total turns spent on level
                    A         B        C        D         E        F      G
               +---------+---------+-------+---------+---------+-------+---------
         Total |       0 |     133 |   0.0 |       0 |      38 |   0.0 |  2235
               +---------+---------+-------+---------+---------+-------+---------
           D:1 |       0 |      26 |   0.0 |       0 |      17 |   0.0 |  1042
           D:2 |       0 |      92 |   0.0 |       0 |      16 |   0.0 |  1115
           D:3 |       0 |      15 |   0.0 |       0 |       5 |   0.0 |    78
               +---------+---------+-------+---------+---------+-------+---------

Vault maps used:
D:1:      lemuel_arrival_muddy
D:2:      serial_glass, glass_columns_a, glass_columns_b, glass_columns_c,
          glass_columns_c, glass_columns_a, glass_columns_c, uniq_natasha
D:3:      fedhas_altar_1, serial_bayou, serial_bayou_pond_a,
          serial_bayou_pond_c, serial_bayou_ford_a, serial_bayou_lagoon_b,
          first_bread, nicolae_ru_sacrificial_ziggurat, uniq_terence
